 Dungeon Crawl Stone Soup version 0.30-b1-2-g02819fbbbe (webtiles) character file.

Game seed: 253281227553607489

17 Alarkh the Sneak (level 2, -2/24 HPs)
             Began as a Demonspawn Delver on May 22, 2023.
             Was a Follower of Uskayaw.
             Killed by divine providence
             ... invoked by an orc priest
              (11 damage)
             ... on level 5 of the Dungeon.
             The game lasted 00:03:15 (559 turns).

Alarkh the Sneak (Demonspawn Delver)                 Turns: 559, Time: 00:03:15

Health: -2/24      AC:  2    Str: 12    XL:     2   Next: 44%
Magic:  2/2        EV: 12    Int: 11    God:    Uskayaw [*.....]
Gold:   0          SH:  4    Dex: 14    Spells: 1/1 levels left

rFire   . .          .
                       - Unarmed
rCold   . . .        (no shield)
rNeg    . . .        i - +0 toga "Victory" {*Victory Clar}
rPois   .            (no helmet)
rElec   .            (no cloak)
rCorr   .            (no gloves)
SInv    .            (no boots)
Will    .....        l - amulet of magic regeneration
Stlth   +++          (no ring)
HPRegen 0.24/turn    (no ring)
MPRegen 0.48/turn

%: clarity
@: no status effects
A: large bone plates 1
a: Renounce Religion, Stomp


You were on level 5 of the Dungeon.
You worshipped Uskayaw.
Uskayaw was noncommittal.
You visited 2 branches of the dungeon, and saw 3 of its levels.

Inventory:

Missiles
 j - 6 poisoned darts (quivered)
 k - a throwing net
Armour
 a - a +0 leather armour
 i - the +0 toga "Victory" (worn) {*Victory Clar}
   (You found it on level 4 of the Dungeon)

   *Victory:  When the wearer kills a threatening monster, it has a chance to
   gain +1 AC, +1 Slay, and +1 Int, capping at +7.
   When the wearer uses a scroll or a potion with a hostile monster in sight,
   its bonuses reset to +0.
   Unequipping it also resets its bonuses to +0.
   Clar:      It protects you from confusion, rage, mesmerisation and fear.
Jewellery
 l - an amulet of magic regeneration (around neck)
 m - a ring of ice
Wands
 f - a wand of digging (3)
Scrolls
 b - a scroll of fog
 c - a scroll of magic mapping
 d - a scroll of fear
 g - a scroll of amnesia {unknown}
 h - a scroll of blinking {unknown}
Potions
 e - a potion of haste


   Skills:
 - Level 3.0 Fighting
 - Level 1.7 Dodging
 - Level 4.5 Stealth
 + Level 2.8 Unarmed Combat


You had one spell level left.
You didn't know any spells.
Your spell library was empty.

Dungeon Overview and Level Annotations

Branches:
Dungeon (5/15)             Temple (1/1) D:4

Altars:
Ashenzari
Cheibriados
Dithmenos
Fedhas
Gozag
Hepliaklqana
Makhleb
Qazlal
Ru
Trog
Uskayaw
Vehumet
Wu Jian
Xom
Yredelemnul

Annotations:
D:4 Menkaure


Innate Abilities, Weirdness & Mutations

You are partially covered in large bone plates. (SH +4)


Message History

The orc is lightly wounded.
The orc barely misses you.
You barely miss the orc.
The orc is lightly wounded.
The orc misses you.
You hit the orc.
The orc is moderately wounded.
You closely miss the orc.
The orc is moderately wounded.
The orc hits you with a +0 short sword.
You closely miss the orc.
The orc is moderately wounded.
The orc closely misses you.
You closely miss the orc.
The orc is moderately wounded.
The orc throws a stone.
The stone barely misses you.
Throw: 8 darts (poison)
Press: ? - help, Q - select action, (/) - cycle Shift-Dir - straight line, f - orc priest
Aim: an orc priest, wielding a +0 dagger and wearing a +0 scale mail (63% to hit)
You throw a poisoned dart. The poisoned dart hits the orc.
The orc hits you but does no damage.
The orc throws a stone.
You block the stone.
Throw: 7 darts (poison)
Press: ? - help, Q - select action, (/) - cycle Shift-Dir - straight line, f/p - orc priest
Aim: an orc priest, wielding a +0 dagger and wearing a +0 scale mail (63% to hit)
You throw a poisoned dart.
The poisoned dart barely misses the orc priest.
The orc closely misses you.
The orc priest mumbles some strange prayers to Beogh against you.
Beogh smites you!
Ouch! That really hurt!
The orc throws a stone.
The stone misses you. The orc closely misses you.
The orc attacks as you move away! The orc completely misses you.
The orc priest looks encouraged for a moment.
There is a stone staircase leading up here.
The orc hits you with a +0 short sword.
The orc priest invokes the aid of Beogh against you.
Beogh smites you!
You die...

.# ##...#####(. #.
# ##..# ###.(##
#.. #..<# #.....#
+...o# #.###o#
#..#..# #. #.#
...o.#o.###.###.#
.#...#..#.......##
. #..
#........oo.## ##.
.....#.#..@..##
#..# # #......#
......o.....#
.###.##.....# #.
##...## # ##.## .#
.# .#


You could see an orc priest and 3 orcs.

Vanquished Creatures
  An adder (D:5)
  A dart slug (D:4)
  A goblin (D:4)
  A hobgoblin (D:4)
  A quokka (D:5)
  A kobold (D:4)
6 creatures vanquished.

Notes
Turn   | Place    | Note
-------+----------+-------------------------------------------
     0 | D:5      | Alarkh the Demonspawn Delver began the quest for the Orb.
     0 | D:5      | Reached XP level 1. HP: 18/18 MP: 1/1
    57 | D:5      | Noticed an ogre
   109 | D:5      | Noticed an orc priest
   118 | D:4      | Found a staircase to the Ecumenical Temple.
   123 | D:4      | Noticed Menkaure
   123 | D:4      | Found the +0 toga "Victory" {*Victory Clar}
   138 | Temple   | Entered the Ecumenical Temple
   138 | Temple   | Found a transporter.
   138 | Temple   | Found a transporter.
   140 | Temple   | Found a transporter.
   140 | Temple   | Found a transporter.
   173 | Temple   | Became a worshipper of Uskayaw the Reveller
   222 | D:4      | Reached * piety under Uskayaw
   535 | D:5      | Gained mutation: You are partially covered in large bone
                  | plates. (SH +4) [demonic ancestry]
   535 | D:5      | Reached XP level 2. HP: 23/24 MP: 2/2
   559 | D:5      | Killed from afar by an orc priest

Illustrated notes

Levels and vault maps discovered:
D:4:      layout_basic, minmay_temple_entry_mist, uniq_duvessa, uniq_menkaure,
          uniq_sigmund
D:5:      layout_loops_ring, mainiacjoe_overflow_paths, enter_ossuary_5,
          hangedman_decor_points, uniq_edmund, uniq_grinder,
          uniq_crazy_yiuf_cottage
Temple:   hellmonk_temple_divided_pantheon

Skill      XL: |  1 |
---------------+----+-----
Unarmed Combat | 2 |  2.8
Fighting       | |  3.0
Dodging        | |  1.7
Stealth        | |  4.5

Action                     || total
---------------------------++-------
  Melee: Unarmed           ||    33
  Throw: Dart              ||     7
    Use: Potion            ||     1
   Stab: Sleeping          ||     2
 Armour: Robe              ||     4
         Leather armour    ||     3
  Dodge: Dodged            ||    26
  Block: Other             ||     1
